 Dungeon Crawl Stone Soup version 0.28-a0-1510-gd0f6b136d3 (webtiles) character file.

Game seed: 18192329649458511322

253 Shayle the Ducker (level 6, -1/46 HPs)
             Began as a Djinni Warper on Jan 15, 2022.
             Slain by a killer bee (2 damage)
             ... on level 4 of the Dungeon.
             The game lasted 00:12:54 (4980 turns).

Shayle the Ducker (Djinni Warper)                   Turns: 4980, Time: 00:12:55

Health: -1/46      AC:  4    Str: 10    XL:     6   Next: 37%
Gold:   622        EV: 13    Int: 17    God:
                   SH:  0    Dex: 15

rFire   + + .      SeeInvis .   e - +3 halberd (flame)
rCold   + + .      Faith    .   (shield currently unavailable)
rNeg    . . .      Spirit   .   a - +0 leather armour
rPois   ∞          Reflect  .   p - +0 helmet
rElec   .          Harm     .   (no cloak)
rCorr   .          Rampage  .   (no gloves)
Will    .....                   (boots unavailable)
Stlth   +.........              c - amulet "Quohephif" {Acrobat rC++ Dex+3}
HPRegen 0.15/turn               g - ring of protection from cold
MPRegen 0.00/turn               (no ring)

@: flying
A: sickness immunity, fire resistance 2, cold vulnerability 1, float, innate
caster, hp casting, extra vitality 1
a: no special abilities


You were on level 4 of the Dungeon.
You visited 1 branch of the dungeon, and saw 4 of its levels.

You collected 915 gold pieces.
You spent 293 gold pieces at shops.

Inventory:

Hand Weapons
 e - a +3 halberd of flaming (weapon)
 t - a +1 hand axe of flaming
Missiles
 n - 6 boomerangs (quivered)
Armour
 a - a +0 leather armour (worn)
 p - a +0 helmet (worn)
Jewellery
 c - the amulet "Quohephif" (around neck) {Acrobat rC++ Dex+3}
   (You bought it in a shop on level 2 of the Dungeon)

   [amulet of the acrobat]

   It increases your evasion while moving and waiting.
   Dex:       It affects your dexterity (+3).
   rC:        It greatly protects you from cold.
 g - a ring of protection from cold (left hand)
 v - a +4 ring of evasion
Wands
 m - a wand of acid (7)
Scrolls
 b - a scroll of blinking
 f - a scroll of immolation
 i - a scroll of magic mapping
 l - a scroll of torment
 q - a scroll of fog {unknown}
 s - a scroll of teleportation {unknown}
 u - a scroll of fear {unknown}
Potions
 d - a potion of might
 h - 2 potions of lignification
 j - a potion of berserk rage
 k - 2 potions of brilliance
 o - 3 potions of haste {unknown}
 r - a potion of flight {unknown}


   Skills:
 + Level 3.5 Fighting
 - Level 0.7 Throwing
 - Level 1.0 Armour
 + Level 3.9 Dodging
 + Level 3.4 Unarmed Combat
 + Level 3.2 Spellcasting


You couldn't memorise any spells.
You knew the following spells:

 Your Spells              Type           Power      Damage    Failure   Level
a - Blink                 Tloc           26%        N/A       9%          2
b - Lesser Beckoning      Tloc           13%        N/A       19%         3
c - Gell's Gravitas       Tloc           13%        N/A       19%         3
d - Teleport Other        Tloc           13%        N/A       19%         3
e - Manifold Assault      Tloc           13%        N/A       86%         5
f - Summon Small Mammal   Summ           52%        N/A       6%          1
g - Call Imp              Summ           13%        N/A       9%          2
Your spell library was empty.

Dungeon Overview and Level Annotations

Branches:
Dungeon (4/15)
 Temple: D:4-7

Altars:
Qazlal
Zin

Shops:
D:2 *

Annotations:
D:3 1 transporter, riojii's ghost, amateur DrTm
D:4 Edmund


Innate Abilities, Weirdness & Mutations

You are immune to sickness and miasma.
You are immune to poison.
Your flesh is very heat resistant. (rF++)
You are vulnerable to cold. (rC-)
You float through the air rather than walking.
You learn spells naturally, not from books.
Your magical power is your life essence.
You have superior vitality. (+4 MHP)


Message History

Grinder is heavily wounded.
Grinder closely misses you. Grinder gestures at you.
Pain shoots through your body!
Unknown command.
You closely miss Grinder.
Grinder is heavily wounded.
Grinder no longer looks unusually strong.
Grinder blinks!
Unknown command.
Aiming: Corrosive Bolt
Press: ? - help, Shift-Dir - straight line, f/p - Grinder
Aim: Grinder (heavily wounded, covered in acid, 68% to hit)
The bolt of acid hits Grinder!
Grinder is almost dead.
The killer bee barely misses you. The killer bee misses you.
Unknown command.
You completely miss Grinder.
Grinder is almost dead.
The killer bee closely misses you. x2; Grinder barely misses you.
The killer bee stings you. Grinder gestures at you.
Pain shoots through your body!
Unknown command.
You barely miss Grinder.
Grinder is almost dead.
The killer bee closely misses you. The killer bee misses you. Grinder hits you!
You writhe in agony.
* * * LOW HITPOINT WARNING * * *
The killer bee stings you.
* * * LOW HITPOINT WARNING * * *
Aiming: Corrosive Bolt
Press: ? - help, Shift-Dir - straight line, f/p - Grinder
Aim: Grinder (almost dead, covered in acid, 68% to hit)
The bolt of acid hits Grinder!
You kill Grinder!
The killer bee stings you.
* * * LOW HITPOINT WARNING * * *
The killer bee stings you.
You die...

#........... #...........
...##.......###.
#...............
#####.......##..
#.......##'#
####################y.....
#.........y........'.[....
#.####...@##########.y....
#.##.'.....#....<# #......
#....#.....#.##### ##'####
######.....#.# ..
#.....#.# ### #.....#.#
#.#####.############# #.#
#.............# #.#
#############.#


You could see a killer bee.

Vanquished Creatures
  Grinder (D:4)
  An orc priest (D:3)
  Robin (D:2)
  2 adders (D:3)
  A white imp (D:4)
  2 worms (D:2)
  2 dart slugs
  7 orcs (D:3)
  7 endoplasms
  6 giant cockroaches
  11 goblins
  10 hobgoblins
  9 jackals
  5 kobolds
  3 quokkas
  2 ball pythons
  6 bats
  3 frilled lizards
  2 rats (D:2)
81 creatures vanquished.

Vanquished Creatures (collateral kills)
  Blork the orc (D:4)
  An adder (D:4)
  An orc (D:3)
  A quokka (D:4)
4 creatures vanquished.

Grand Total: 85 creatures vanquished

Notes
Turn   | Place    | Note
-------+----------+-------------------------------------------
     0 | D:1      | Shayle the Djinni Warper began the quest for the Orb.
     0 | D:1      | Reached XP level 1. HP: 18/18 MP: 0/0
   439 | D:1      | Reached XP level 2. HP: 23/23 MP: 0/0
   734 | D:1      | Found a faded altar of an unknown god.
   986 | D:1      | Reached XP level 3. HP: 9/29 MP: 0/0
   986 | D:1      | Learned a level 1 spell: Summon Small Mammal
  1828 | D:2      | Found Avaorell's Assorted Antiques.
  2182 | D:2      | Reached XP level 4. HP: 33/34 MP: 0/0
  2748 | D:3      | Found a glowing silver altar of Zin.
  2821 | D:3      | Reached XP level 5. HP: 32/40 MP: 0/0
  2821 | D:3      | Learned a level 2 spell: Call Imp
  2896 | D:3      | Noticed Robin
  3037 | D:4      | Found a stormy altar of Qazlal.
  3120 | D:4      | Noticed Blork the orc
  3127 | D:4      | Killed Blork the orc
  3227 | D:4      | Reached XP level 6. HP: 21/46 MP: 0/0
  3229 | D:4      | Noticed Edmund
  3630 | D:2      | Killed Robin
  4026 | D:3      | Identified a scroll of acquirement
  4026 | D:3      | Acquired 777 gold pieces
  4101 | D:2      | Bought a coiled golden amulet for 115 gold pieces
  4101 | D:2      | Identified the amulet "Quohephif" {Acrobat rC++ Dex+3} (You
                  | bought it in a shop on level 2 of the Dungeon)
  4101 | D:2      | Bought a bone wand for 92 gold pieces
  4101 | D:2      | Bought an orange potion for 20 gold pieces
  4101 | D:2      | Bought a scroll labelled VUADAY HUAHIA for 23 gold pieces
  4101 | D:2      | Bought a lumpy blue potion for 20 gold pieces
  4101 | D:2      | Bought a scroll labelled OXEWIV VUZ for 23 gold pieces
  4177 | D:3      | Found a transporter.
  4672 | D:3      | Noticed riojii's ghost (amateur DrTm)
  4674 | D:3      | Identified the +9 great mace "Nuymuh" {speed, rN+ Dex+5}
  4674 | D:3      | Noticed an ogre
  4943 | D:4      | Noticed Grinder
  4952 | D:4      | Paralysed by Grinder for 3 turns
  4980 | D:4      | Killed Grinder
  4980 | D:4      | HP: 1/46 [killer bee (6)]
  4980 | D:4      | Slain by a killer bee

Illustrated notes

Levels and vault maps discovered:
D:1:      amcnicky_arrival_choice, layout_rooms, ebering_ecumenical_altar_rust,
          serial_glass, glass_columns_b, glass_columns_a,
          minmay_indecisive_spiral
D:2:      minmay_spotlight, layout_basic, serial_shops,
          nicolae_shop_advertising_works [nicolae_subvault_shop_adworks],
          kennysheep_generic_room_9
D:3:      layout_basic, nicolae_overflow_crystal_walls, gammafunk_ghost_smash,
          chequers_garden, wad_orctagon, uniq_robin
D:4:      layout_basic, nicolae_qazlal_scattered_showers, temple_hall,
          item_on_display_a, uniq_blork_the_orc, uniq_edmund, uniq_grinder

Skill      XL: |  1  2  3  4  5 |
---------------+----------------+-----
Dodging        | 3 |  3.9
Fighting       | 3 |  3.5
Unarmed Combat | 3 |  3.4
Spellcasting   | 3 |  3.2
Throwing       | |  0.7
Armour         | |  1.0

Action                   |  1- 3 |  4- 6 || total
-------------------------+-------+-------++-------
Melee: Unarmed           |   125 |       ||   125
       Punch             |     3 |       ||     3
       Quarterstaff      |     7 |    54 ||    61
       Halberd           |       |    99 ||    99
Throw: Boomerang         |    29 |       ||    29
 Cast: Summon Small Mamm |       |     8 ||     8
       Call Imp          |       |     3 ||     3
Evoke: Wand              |       |     4 ||     4
  Use: Scroll            |       |    10 ||    10
       Potion            |       |     3 ||     3
Armor: Leather armour    |    31 |    41 ||    72
Dodge: Dodged            |    72 |   138 ||   210

Table legend: (Time is in decaauts)
 A = Elapsed time spent in this place.
 B = Non-inter-level travel time spent in this place.
 C = Inter-level travel time spent in this place.
 D = Time resting spent in this place.
 E = Time spent auto-exploring this place.
 F = Levels seen in this place.
 G = Mean time per level.
                   A        B        C        D        E       F      G
               +--------+--------+--------+--------+--------+-----+--------+
         Total |   5058 |   4847 |    211 |   1200 |   2544 |   4 | 1264.5 |
       Dungeon |   5058 |   4847 |    211 |   1200 |   2544 |   4 | 1264.5 |
               +--------+--------+--------+--------+--------+-----+--------+

Top non-repeatable levels by time:
     D:2: 1539 daAuts
     D:1: 1449 daAuts
     D:3: 1442 daAuts
     D:4: 627 daAuts
